 Dungeon Crawl Stone Soup version 0.23-a0-636-g0ff6057 (webtiles) character file.

24 TheGoonsmith the Sneak (level 3, 0/16 HPs)
             Began as a Vine Stalker Enchanter on Dec 28, 2018.
             Was an Initiate of Okawaru.
             Slain by a jackal (1 damage)
             ... on level 2 of the Dungeon.
             The game lasted 00:01:40 (1326 turns).

TheGoonsmith the Sneak (Vine Stalker Enchanter)     Turns: 1326, Time: 00:01:40

Health: 0/16       AC:  2    Str: 11    XL:     3   Next: 2%
Magic:  0/7        EV: 18    Int: 15    God:    Okawaru [......]
Gold:   78         SH:  0    Dex: 19    Spells: 5/6 levels left

rFire    . . .     SeeInvis .   a - +1 dagger
rCold    . . .     Gourm    .   (no shield)
rNeg     . . .     Faith    .   b - +0 robe
rPois    .         Spirit   +   (no helmet)
rElec    .         Reflect  .   (no cloak)
rCorr    .         Harm     .   (no gloves)
MR       .....                  (no boots)
Stlth    ++++......             (no amulet)
HPRegen  0.05/turn              (no ring)
MPRegen  0.10/turn              (no ring)

@: agile
A: fangs 2, magic shield, antimagic bite, no potion heal 3, rot immunity
a: Renounce Religion


You were on level 2 of the Dungeon.
You worshipped Okawaru.
Okawaru was noncommittal.
You were very hungry.

You visited 1 branch of the dungeon, and saw 2 of its levels.

You collected 78 gold pieces.

Inventory:

Hand Weapons
 a - a +1 dagger (weapon)
Armour
 b - a +0 robe (worn)
Jewellery
 m - a cursed ring of attention {unknown}
Scrolls
 c - a scroll of teleportation {unknown}
 e - 3 scrolls of remove curse {unknown}
 i - a scroll of magic mapping {unknown}
 j - 3 scrolls of enchant armour {unknown}
 k - a scroll of identify {unknown}
 l - a scroll of amnesia {unknown}
Potions
 g - a potion of curing
 h - 4 potions of heal wounds {unknown}
Comestibles
 d - 2 rations


   Skills:
 * Level 1.6 Short Blades
 + Level 1.9 Dodging
 + Level 3.8 Stealth
 + Level 2.4 Spellcasting
 + Level 3.2 Hexes


You had 5 spell levels left.
You knew the following spells:

 Your Spells              Type           Power        Failure   Level  Hunger
a - Corona                Hex            ##.....      6%          1    #......

Your spell library contained the following spells:

 Spells                   Type           Power        Failure   Level  Hunger
 Ensorcelled Hibernation  Hex/Ice        #.....       17%         2    ###....
 Confuse                  Hex            ##......     17%         3    ###....
 Tukima's Dance           Hex            ##......     17%         3    ###....
 Dazzling Spray           Conj/Hex       #.....       32%         3    ###....


Dungeon Overview and Level Annotations

Branches:
Dungeon (2/15)

Altars:
Okawaru


Innate Abilities, Weirdness & Mutations

You have extremely sharp teeth.
When hurt, damage is shared between your health and your magic reserves.
Your bite disrupts and absorbs the magic of your enemies.
Potions cannot restore your health.
You are immune to rotting.


Message History

You hit the jackal. You bite the jackal.
You kill the jackal!
Okawaru accepts your kill.
You have reached level 3!
Your experience leads to an increase in your attributes!
Your base attributes are Str 10, Int 15, Dex 14.
Increase (S)trength, (I)ntelligence, or (D)exterity?
You feel stronger. The jackal bites you.
You barely miss the jackal. You bite the jackal. You drain its power.
You feel invigorated.
The jackal is lightly wounded.
The jackal closely misses you.
You closely miss the jackal. Your bite misses the jackal.
The jackal is lightly wounded.
The jackal misses you.
You hit the jackal.
The jackal is heavily wounded.
The jackal bites you.
You die...

........#
#........
........# ).#
###......
........+ %.#
#......
........# (..
#......
........# #.#
#......
#######'#####
#.# #######
#........# #.#
# #.....$..#
#.# #
#........# #@#
#
#........###h#
#
####.........#
##########
#.........#
#.......##
#.........#
#.......##
#.........#
#.......'.
#.........#
#.......##
#......)..#
#.........
#.........#
#........#


You could see a jackal.

Vanquished Creatures
  An adder (D:2)
  A leopard gecko (D:2)
  A bat (D:1)
  2 goblins
  A hobgoblin (D:1)
  5 jackals
  2 rats
13 creatures vanquished.

Notes
Turn   | Place    | Note
-------+----------+-------------------------------------------
     0 | D:1      | TheGoonsmith the Vine Stalker Enchanter began the quest for
                  | the Orb.
     0 | D:1      | Reached XP level 1. HP: 9/9 MP: 4/4
    51 | D:1      | Reached skill level 1 in Short Blades
   344 | D:1      | Reached XP level 2. HP: 13/13 MP: 6/6
  1202 | D:2      | Found an iron altar of Okawaru.
  1210 | D:2      | Became a worshipper of Warmaster Okawaru
  1323 | D:2      | Reached XP level 3. HP: 1/16 MP: 1/7
  1326 | D:2      | Slain by a jackal

Vault maps used:
D:1:      dpeg_arrival_pond
D:2:      nicolae_overflow_crystal_walls, okawaru_gym_becter, uniq_sigmund

Skill      XL: |  1 |
---------------+----+-----
Short Blades   | 1 |  1.6
Dodging        | |  1.9
Stealth        | |  3.8
Spellcasting   | |  2.4
Hexes          | |  3.2

Action                   || total
-------------------------++-------
Melee: Dagger            ||    50
       Bite              ||     7
 Cast: Corona            ||     1
  Use: Potion            ||     3
 Stab: Sleeping          ||     4
Armor: Robe              ||    13
Dodge: Dodged            ||    33

Table legend:
 A = Non-vault XP
 B = Vault XP
 C = Vault XP percentage of total XP
 D = Non-vault monster count
 E = Vault monster count
 F = Vault count percentage of total count
                 A         B        C        D         E       F
            +---------+---------+-------+---------+---------+-------
      Total |      35 |       0 |   0.0 |      13 |       0 |   0.0
            +---------+---------+-------+---------+---------+-------
        D:1 |      13 |       0 |   0.0 |       7 |       0 |   0.0
        D:2 |      22 |       0 |   0.0 |       6 |       0 |   0.0
            +---------+---------+-------+---------+---------+-------
